 Dungeon Crawl Stone Soup version 0.19-a0-1886-gd64a0f0 (webtiles) character file.

10583 Alarkh the Spear-Bearer (level 11, -2/78 HPs)
             Began as a Mummy Skald on Oct 15, 2016.
             Was the Champion of Okawaru.
             Killed by divine providence
             ... invoked by a meliai
              (14 damage)
             ... on level 10 of the Dungeon.
             The game lasted 00:23:17 (11467 turns).

Alarkh the Spear-Bearer (Mummy Skald)              Turns: 11467, Time: 00:23:18

Health: -2/78      AC: 11    Str: 18    XL:     11   Next: 38%
Magic:  10/20      EV: 13    Int: 14    God:    Okawaru [******]
Gold:   397        SH:  0    Dex: 13    Spells: 2 memorised, 17 levels left

rFire  x . .     SeeInvis .     a - +0 trident
rCold  + . .     Gourm    .     t - +1 troll leather armour
rNeg   + + +     Faith    +     (no shield)
rPois  ∞         Spirit   .     (no helmet)
rElec  .         Dismiss  .     o - +2 cloak
rCorr  .         Reflect  .     E - +2 pair of gloves {Str+3}
MR     +....     Harm     .     (no boots)
Stlth  +.........               n - amulet of faith
                                (no ring)
                                w - ring of wizardry

@: about to teleport, very slightly contaminated
A: no food or potions, fire vulnerability, cold resistance 1, negative energy
resistance 3, torment resistance, unbreathing
a: Heroism, Finesse, Renounce Religion


You were on level 10 of the Dungeon.
You worshipped Okawaru.
Okawaru was exalted by your worship.
You were not hungry.

You visited 2 branches of the dungeon, and saw 12 of its levels.

You collected 640 gold pieces.
You spent 243 gold pieces at shops.

Inventory:

Hand Weapons
 a - a +0 trident (weapon)
 m - a +0 spear
 B - a +2 double sword of slicing
Missiles
 G - a throwing net (quivered)
Armour
 b - a +0 leather armour
 o - a +2 cloak (worn)
 p - a +3 leather armour of cold resistance
 t - a +1 troll leather armour (worn)
 C - the +0 scale mail of Qurph {Str+3}
   (You bought it in a shop on level 6 of the Dungeon)

   It affects your strength (+3).
 E - a +2 pair of gloves of strength (worn)
Jewellery
 f - an uncursed amulet of harm {unknown}
 n - an amulet of faith (around neck)
 w - a ring of wizardry (left hand)
 A - an uncursed amulet of guardian spirit {unknown}
Wands
 q - a wand of slowing (23/48)
 u - a wand of acid (3/15)
 y - a wand of paralysis (0/24)
 z - a wand of teleportation (3/9)
Scrolls
 d - 4 scrolls of remove curse
 e - 2 scrolls of identify
 g - 4 scrolls of amnesia
 j - 2 scrolls of fog {unknown}
 k - 2 scrolls of random uselessness {unknown}
 l - 3 scrolls of enchant weapon
 r - a scroll of recharging {unknown}
 s - a scroll of magic mapping {unknown}
 v - 3 scrolls of immolation {unknown}
 x - 3 scrolls of holy word {unknown}
 D - a scroll of noise {unknown}
Books
 c - a book of Battle

   Spells                             Type                      Level
   a - Infusion                       Charms                       1
   b - Shroud of Golubria             Charms/Translocation         2
   c - Song of Slaying                Charms                       2
   d - Spectral Weapon                Hexes/Charms                 3
   e - Regeneration                   Charms/Necromancy            3


   Skills:
 + Level 4.8 Fighting
 * Level 11.2 Polearms
 + Level 3.7 Armour
 + Level 3.6 Dodging
 - Level 6.3 Spellcasting
 - Level 6.1 Charms


You had 17 spell levels left.
You knew the following spells:

 Your Spells              Type           Power        Failure   Level  Hunger
a - Spectral Weapon       Hex/Chrm       ##......     7%          3    N/A
b - Shroud of Golubria    Chrm/Tloc      ##........   4%          2    N/A

Dungeon Overview and Level Annotations

Branches:
Dungeon (11/15)            Temple (1/1) D:5            Lair (0/6) D:8
    Orc: D:9-12

Altars:
Ashenzari
Cheibriados
Dithmenos
Elyvilon
Fedhas
Gozag
Kikubaaqudgha
Makhleb
Nemelex Xobeh
Okawaru
Qazlal
Sif Muna
Trog
Uskayaw
Vehumet
Xom
Yredelemnul
Zin
The Shining One

Shops:
D:4 }   D:6 [   D:8 !


Innate Abilities, Weirdness & Mutations

You do not eat or drink.
Your flesh is vulnerable to fire.
You are immune to poison.
Your flesh is cold resistant. (rC+)
You are immune to negative energy. (rN+++)
You are immune to unholy pain and torment.
You can survive without breathing.


Message History

You puncture the scorpion!
You kill the scorpion!
Okawaru accepts your kill.
You hit the worker ant.
The worker ant is lightly wounded.
Your spectral weapon hits the worker ant from afar!
The worker ant bites you!
* * * LOW HITPOINT WARNING * * *
You puncture the worker ant!
You kill the worker ant!
Okawaru accepts your kill.
As you read the scroll of teleportation, it crumbles to dust.
You feel strangely unstable. The hippogriff bites you.
* * * LOW HITPOINT WARNING * * *
The hippogriff closely misses you.
The hippogriff claws you but does no damage.
You swap places.
The meliai invokes the aid of its god against you.
Something smites you!
You die...

#.......# #.......#
#.......# #.......#
#.......#### #......a'.y#
#.......##H# ##......##(#
#############.##@#########
.o..H.as..h....#.....!...#
########################.#
..########.#.............#
#.#........#.#############
.......)......>.....
#.#.####)#.#.#.#..##
#.#......#....... .#
#.######.#...###.#


You could see a hippogriff, a meliai and a friendly spectral trident.

Vanquished Creatures
  The ghost of Television the Covert, a journeyman OpAK of Lugonu (D:9)
  The ghost of p0werm0de the Fighter, a novice FoVM of Okawaru (D:6)
  A flayed ghost (D:8)
  The ghost of dvd the Tainter, a novice OpVM of Qazlal (D:7)
  2 hill giants (D:10)
  2 trolls (D:9)
  A two-headed ogre (D:10)
  The ghost of p0werm0de the Slasher, an amateur HaCK of Xom (D:5)
  5 wraiths (D:8)
  A wyvern (D:9)
  2 yaks (D:8)
  4 fire bats (D:8)
  3 ice beasts
  3 sky beasts
  3 ogres
  5 orc warriors
  2 phantoms
  A black bear (D:10)
  A necrophage (D:7)
  4 centaurs
  A wolf (D:10)
  2 crocodiles (D:8)
  A big kobold (D:8)
  8 bullfrogs
  A wyvern skeleton (D:10)
  3 scorpions
  6 killer bees (D:8)
  5 howler monkeys
  4 crimson imps
  5 hounds
  A centaur zombie (D:6)
  7 orc wizards
  3 bullfrog skeletons
  2 centaur skeletons
  5 orc priests
  Crazy Yiuf (D:3)
  Jessica (D:3)
  3 iguanas
  6 worker ants
  A hound zombie (D:9)
  2 hound skeletons
  22 adders
  3 river rats (D:8)
  A shadow imp (D:8)
  2 oozes
  An adder zombie (D:5)
  An adder skeleton (D:4)
  2 worms (D:2)
  3 dart slugs
  9 leopard geckos
  39 orcs
  47 bats
  7 giant cockroaches
  10 goblins
  9 hobgoblins
  11 jackals
  6 quokkas
  2 ball pythons
  3 frilled lizards (D:1)
  13 kobolds
  A leopard gecko skeleton (D:6)
  11 rats
315 creatures vanquished.

Vanquished Creatures (others)
  7 fungi (D:8)
  14 plants (D:8)
  14 spectral weapons
35 creatures vanquished.

Grand Total: 350 creatures vanquished

Notes
Turn   | Place    | Note
-------+----------+-------------------------------------------
     0 | D:1      | Alarkh the Mummy Skald began the quest for the Orb.
     0 | D:1      | Reached XP level 1. HP: 16/16 MP: 3/3
   209 | D:1      | Reached XP level 2. HP: 22/22 MP: 3/5
   330 | D:1      | Reached skill level 2 in Polearms
   457 | D:1      | Reached XP level 3. HP: 24/27 MP: 3/6
   671 | D:2      | Found a faded altar of an unknown god.
   680 | D:2      | Became a worshipper of Warmaster Okawaru
   680 | D:2      | Reached * piety under Okawaru
   934 | D:2      | Learned a level 2 spell: Shroud of Golubria
   938 | D:2      | Learned a level 3 spell: Spectral Weapon
   975 | D:2      | Found an iron altar of Okawaru.
  1057 | D:2      | Reached XP level 4. HP: 21/33 MP: 3/8
  1422 | D:2      | Found a runed door.
  1694 | D:2      | Noticed Crazy Yiuf
  2129 | D:3      | Noticed Jessica
  2145 | D:3      | Killed Jessica
  2145 | D:3      | Reached XP level 5. HP: 34/38 MP: 4/9
  2390 | D:3      | Reached skill level 3 in Polearms
  3239 | D:3      | Killed Crazy Yiuf
  3304 | D:3      | Reached XP level 6. HP: 25/44 MP: 4/11
  3780 | D:4      | Found an opulent altar of Gozag.
  3832 | D:4      | Found Pucvoudi's Gadget Boutique.
  3844 | D:4      | Found an opulent altar of Gozag.
  4019 | D:4      | Reached ** piety under Okawaru
  4122 | D:4      | Reached skill level 4 in Polearms
  4122 | D:4      | Reached XP level 7. HP: 28/50 MP: 7/13
  4354 | D:5      | Entered Level 5 of the Dungeon
  4354 | D:5      | Found a staircase to the Ecumenical Temple.
  4390 | Temple   | Entered the Ecumenical Temple
  4763 | D:5      | Noticed p0werm0de's ghost (amateur HaCK)
  4811 | D:5      | Killed p0werm0de's ghost
  4811 | D:5      | Reached *** piety under Okawaru
  4811 | D:5      | Reached skill level 5 in Spellcasting
  4811 | D:5      | Reached skill level 5 in Charms
  4811 | D:5      | Reached XP level 8. HP: 12/56 MP: 1/15
  5275 | D:5      | Reached skill level 5 in Polearms
  5731 | D:6      | Noticed p0werm0de's ghost (novice FoVM)
  5948 | D:6      | Found Fedain's Antique Armour Shop.
  5951 | D:6      | Bought a shimmering scale mail for 243 gold pieces
  5961 | D:6      | Identified the cursed +0 scale mail of Qurph {Str+3} (You bought it in a shop on level 6 of the Dungeon)
  6092 | D:6      | Killed p0werm0de's ghost
  6092 | D:6      | Reached **** piety under Okawaru
  6330 | D:6      | Reached skill level 6 in Polearms
  6330 | D:6      | Reached XP level 9. HP: 50/61 MP: 15/18
  6405 | D:6      | Reached ***** piety under Okawaru
  6751 | D:6      | Reached skill level 7 in Polearms
  7023 | D:7      | Noticed dvd's ghost (novice OpVM)
  7392 | D:7      | Reached skill level 8 in Polearms
  7400 | D:7      | Found a sparkling altar of Nemelex Xobeh.
  8036 | D:7      | Killed dvd's ghost
  8036 | D:7      | Reached skill level 9 in Polearms
  8417 | D:8      | Received a gift from Okawaru
  8461 | D:8      | Reached XP level 10. HP: 51/67 MP: 15/19
  8634 | D:8      | Found a runed door.
  8655 | D:8      | Found a hide-covered altar of Uskayaw.
  8670 | D:8      | Found a snail-covered altar of Cheibriados.
  8688 | D:8      | Found a glowing golden altar of the Shining One.
  8924 | D:8      | Found an opulent altar of Gozag.
  8956 | D:8      | Reached skill level 10 in Polearms
  8982 | D:8      | Found an opulent altar of Gozag.
  9012 | D:8      | Reached skill level 1 in Armour
  9012 | D:8      | Reached skill level 1 in Dodging
  9016 | D:8      | Found a basalt altar of Yredelemnul.
  9054 | D:8      | Received a gift from Okawaru
  9391 | D:8      | Noticed a flayed ghost
  9407 | D:8      | Killed a flayed ghost
  9729 | D:8      | Found Jifips's Distillery.
 10320 | D:8      | Found a staircase to the Lair.
 10623 | D:9      | Noticed Television's ghost (journeyman OpAK)
 10674 | D:9      | Killed Television's ghost
 10674 | D:9      | Reached ****** piety under Okawaru
 10674 | D:9      | Reached XP level 11. HP: 67/77 MP: 12/20
 11044 | D:9      | Received a gift from Okawaru
 11044 | D:9      | Reached skill level 11 in Polearms
 11198 | D:9      | You fall through a shaft for 2 floors!
 11202 | D:10     | Entered Level 10 of the Dungeon
 11245 | D:10     | Noticed a hill giant
 11249 | D:10     | Noticed a hill giant
 11257 | D:10     | Killed a hill giant
 11265 | D:10     | Killed a hill giant
 11445 | D:11     | Noticed an ogre mage
 11467 | D:10     | Killed from afar by a meliai

Vault maps used:
D:1:      elethiomel_arrival_quiet
D:2:      old_standard_altar, ecumenical_altar_2, kennysheep_generic_room_2,
          uniq_crazy_yiuf_cottage
D:3:      uniq_jessica
D:4:      nicolae_overflow_hidden_temple, grunt_gozag_statues, serial_shops,
          shop, first_bread, kennysheep_flooded_box
D:6:      serial_shops, kennysheep_mini_moat
D:7:      marbit_many_paths
D:8:      due_megacathedral, grunt_lair_entry_orc_guard_hut, serial_shops,
          nicolae_shop_crystal, grunt_pizzeria
D:9:      david_orc_4, minmay_protected_statue
D:10:     minmay_bloctagon, minmay_misc_feat_diagonals, nooodl_food_tri
D:11:     giant_chief_lemuel
Temple:   eino_temple_rhombus

Skill      XL: |  1  2  3  4  5  6  7  8  9 10 11 |
---------------+----------------------------------+-----
Polearms       | 2 3 4 6 9 10 11 | 11.2
Charms         | 3 4 5 6 |  6.1
Spellcasting   | 3 4 5 6 |  6.3
Armour         | 3 |  3.7
Dodging        | 2 3 |  3.6
Fighting       | 4 |  4.8

Action                   |  1- 3 |  4- 6 |  7- 9 | 10-12 || total
-------------------------+-------+-------+-------+-------++-------
Melee: Spear             |   113 |   132 |       |       ||   245
       Trident           |       |   120 |   377 |   475 ||   972
       Punch             |       |       |       |     2 ||     2
 Cast: Infusion          |    18 |     9 |     1 |       ||    28
       Shroud of Golubri |       |     5 |     5 |    11 ||    21
       Spectral Weapon   |       |    16 |    55 |    55 ||   126
Invok: Heroism           |       |     2 |     1 |    13 ||    16
Evoke: Wand              |       |       |     7 |     3 ||    10
  Use: Scroll            |     1 |     3 |     6 |     7 ||    17
 Stab: Distracted        |       |     1 |     2 |     2 ||     5
       Paralysed         |       |       |    17 |       ||    17
Armor: Leather armour    |    23 |    72 |   115 |   111 ||   321
       Troll leather arm |       |       |       |    25 ||    25
Dodge: Dodged            |    48 |   117 |   149 |   207 ||   521
